 Dungeon Crawl Stone Soup version 0.28.0-53-g5a82cb258f (webtiles) character file.

Game seed: 8315804480196444326

770 safid the Digger (level 7, -1/44 HPs)
             Began as a Gargoyle Earth Elementalist on Aug 29, 2022.
             Was an Initiate of Vehumet.
             Slain by Edmund
             ... wielding a +2 flail of protection
              (9 damage)
             ... on level 4 of the Dungeon.
             The game lasted 00:12:20 (6444 turns).

safid the Digger (Gargoyle Earth Elementalist)      Turns: 6444, Time: 00:12:20

Health: -1/44      AC: 10    Str: 11    XL:     7   Next: 83%
Magic:  3/13       EV: 12    Int: 18    God:    Vehumet [......]
Gold:   127        SH:  0    Dex: 10    Spells: 11/15 levels left

rFire   . . .      SeeInvis .   w - +2 spear (vamp)
rCold   . . .      Faith    .   (no shield)
rNeg    + . .      Spirit   .   p - +2 animal skin
rPois   ∞          Reflect  .   q - +0 helmet
rElec   +          Harm     .   (no cloak)
rCorr   .          Rampage  .   o - +0 pair of gloves
Will    .....                   (no boots)
Stlth   ++........              (no amulet)
HPRegen 0.14/turn               (no ring)
MPRegen 0.13/turn               (no ring)

@: no status effects
A: sickness immunity, AC +4, negative energy resistance 1, electricity
resistance, torment resistance 1, petrification resistance
a: Renounce Religion


You were on level 4 of the Dungeon.
You worshipped Vehumet.
Vehumet was noncommittal.
You visited 2 branches of the dungeon, and saw 5 of its levels.
You also visited: Sewer.

You collected 127 gold pieces.

Inventory:

Hand Weapons
 w - a +2 vampiric spear (weapon)
Missiles
 l - 3 poisoned darts
 v - 36 stones
Armour
 o - a +0 pair of gloves (worn)
 p - a +2 animal skin (worn)
 q - a +0 helmet (worn)
Jewellery
 f - an amulet of guardian spirit
Wands
 u - a wand of polymorph (8)
Scrolls
 d - 2 scrolls of vulnerability {unknown}
 g - 2 scrolls of identify {unknown}
 h - 5 scrolls of teleportation {unknown}
 j - a scroll of magic mapping {unknown}
 n - a scroll of summoning {unknown}
 r - a scroll of fear {unknown}
 s - a scroll of holy word {unknown}
 t - a scroll of brand weapon {unknown}
 x - a scroll of silence {unknown}
Potions
 b - 2 potions of mutation
 c - a potion of experience {unknown}
 e - a potion of magic {unknown}
 i - a potion of degeneration {unknown}
 k - 5 potions of flight
 m - a potion of brilliance {unknown}
 z - 3 potions of lignification {unknown}


   Skills:
 + Level 4.8 Fighting
 - Level 2.0 Dodging
 - Level 2.1 Stealth
 + Level 4.5 Spellcasting
 + Level 2.1 Conjurations
 - Level 1.0 Transmutations
 + Level 6.5 Earth Magic


You had 11 spell levels left.
You knew the following spells:

 Your Spells              Type           Power      Damage    Failure   Level
a - Sandblast             Erth           54%        2d13      1%          1
b - Stone Arrow           Conj/Erth      38%        3d9       7%          3

Your spell library contained the following spells:

 Spells                   Type           Power      Damage    Failure   Level
 Passwall                 Tmut/Erth      14%        N/A       4%          2
 Petrify                  Tmut/Erth      17%        N/A       28%         4
 Irradiate                Conj/Tmut      4%         3d15      90%         5
 Sublimation of Blood     Necr           Unusable   N/A       N/A         2

Dungeon Overview and Level Annotations

Branches:
Dungeon (4/15)             Temple (1/1) D:4           Sewer (visited)

Altars:
Cheibriados
Gozag
Kikubaaqudgha
Makhleb
Ru
Sif Muna
Uskayaw
Vehumet
Yredelemnul

Annotations:
D:4 Edmund


Innate Abilities, Weirdness & Mutations

You are immune to sickness and miasma.
Your stone body is resilient. (AC +4)
You are immune to poison.
You resist negative energy. (rN+)
You are resistant to electric shocks. (rElec)
You are resistant to unholy torment.
You are immune to petrification.


Message History

Edmund hits you with a +2 flail of protection.
You hit Edmund but do no damage.
Edmund is moderately wounded.
Edmund hits you but does no damage.
You closely miss Edmund.
Edmund is moderately wounded.
Edmund hits you but does no damage.
You closely miss Edmund.
Edmund is moderately wounded.
Edmund hits you with a +2 flail of protection.
You completely miss Edmund.
Edmund is moderately wounded.
Edmund misses you.
You hit Edmund but do no damage.
Edmund is moderately wounded.
Edmund hits you with a +2 flail of protection.
You feel much better.
Edmund hits you with a +2 flail of protection!
You hit Edmund but do no damage.
Edmund is moderately wounded.
Edmund hits you with a +2 flail of protection.
You closely miss Edmund.
Edmund is moderately wounded.
Edmund hits you with a +2 flail of protection!
You hit Edmund but do no damage.
Edmund is moderately wounded.
Edmund hits you with a +2 flail of protection!
Casting: Stone Arrow (dangerous; 7% risk of failure)
Confirm with . or Enter, or press ? or * to list all spells.
You don't have enough magic to cast this spell.
Unknown command.
Edmund says, "A flail is better than a scythe, any day of the week!"
Edmund hits you with a +2 flail of protection.
Edmund says, "Everyone always remembers my brother. 'Who's Edmund?' they ask!"
You hit Edmund but do no damage.
Edmund is moderately wounded.
Edmund hits you with a +2 flail of protection!
* * * LOW HITPOINT WARNING * * *
Edmund hits you with a +2 flail of protection!
You die...

##.....## ########### #.....#
#.........# #.....# #.######.####
#.##### #.# #....# #.######
#.######....####......#.....
####...........'....+....+.......
..##......#....######....#...#...
..##............@<...#####...#...
...#......#....J@....#####...#.#
...#...........................#.
##.#.................####.8⌠..##.
#.#.......######................
#.#.......# #.#..####.8⌠.>.#.
#.#)......######.#..####......#.
##.#.#+###.#..............8⌠.....
...(>...............#####....####


You could see Edmund and an endoplasm.

Vanquished Creatures
  Sigmund (D:2)
  An ogre (D:2)
  A phantom (D:4)
  A water moccasin skeleton (D:4)
  A bullfrog zombie (D:3)
  A gnoll shaman (D:3)
  An orc wizard (D:3)
  Robin (D:2)
  9 gnolls
  4 adders
  5 river rats
  3 worms
  3 dart slugs
  4 orcs (D:3)
  9 ball pythons
  7 endoplasms
  7 giant cockroaches
  11 hobgoblins
  6 jackals
  6 quokkas
  13 bats
  3 frilled lizards
  18 goblins
  5 kobolds
  8 rats
129 creatures vanquished.

Notes
Turn   | Place    | Note
-------+----------+-------------------------------------------
     0 | D:1      | safid the Gargoyle Earth Elementalist began the quest for
                  | the Orb.
     0 | D:1      | Reached XP level 1. HP: 10/10 MP: 3/3
   165 | D:1      | Reached skill level 1 in Transmutations
   165 | D:1      | Reached XP level 2. HP: 16/16 MP: 1/5
   265 | D:1      | Reached skill level 1 in Fighting
   429 | D:1      | Reached skill level 4 in Earth Magic
   429 | D:1      | Reached XP level 3. HP: 14/20 MP: 6/6
  1318 | D:1      | Found a faded altar of an unknown god.
  1950 | D:2      | Noticed Robin
  2004 | D:2      | Reached XP level 4. HP: 11/26 MP: 7/7
  2396 | D:2      | Noticed an ogre
  2399 | D:2      | Killed an ogre
  2400 | D:2      | Reached XP level 5. HP: 31/31 MP: 5/9
  2404 | D:2      | Learned a level 3 spell: Stone Arrow
  2448 | D:2      | Noticed Sigmund
  2462 | D:2      | Killed Sigmund
  2463 | D:2      | Reached skill level 5 in Earth Magic
  2463 | D:2      | Reached XP level 6. HP: 25/37 MP: 2/11
  2662 | D:2      | Killed Robin
  3295 | D:3      | Found a glowing drain.
  3333 | Sewer    | Entered a sewer
  3963 | Sewer    | Reached XP level 7. HP: 40/43 MP: 9/13
  4139 | Sewer    | Reached skill level 6 in Earth Magic
  4992 | D:3      | Reached skill level 1 in Conjurations
  6356 | D:4      | Found a staircase to the Ecumenical Temple.
  6370 | D:4      | Noticed Edmund
  6373 | Temple   | Entered the Ecumenical Temple
  6388 | Temple   | Became a worshipper of Vehumet
  6444 | D:4      | Slain by Edmund

Illustrated notes

Levels and vault maps discovered:
D:1:      dpeg_arrival_arbitrary_c, layout_basic,
          hellmonk_ecumenical_altar_zigzags, serial_forest,
          infiniplex_forest_lined_room_, infiniplex_forest_straight_2,
          infiniplex_forest_clump_C, infiniplex_forest_lined_room_3,
          infiniplex_forest_lined_ring, infiniplex_forest_end_2,
          infiniplex_forest_lined_2, infiniplex_forest_end_3
D:2:      layout_basic, uniq_sigmund, uniq_robin
D:3:      layout_basic, portal_sewer_entry_e
D:4:      layout_basic, general_overflow_altar,
          minmay_temple_entry_drinking_statues, serial_bayou,
          serial_bayou_pond_e, serial_bayou_shore_a, serial_bayou_lake_a,
          serial_bayou_shore_b, uniq_edmund
Temple:   eino_narrow_crystal_temple

Skill      XL: |  1  2  3  4  5  6  7 |
---------------+----------------------+-----
Transmutations | 1 |  1.0
Fighting       | 1 2 3 4 |  4.8
Earth Magic    | 4 5 6 |  6.5
Dodging        | 2 |  2.0
Spellcasting   | 3 4 |  4.5
Conjurations   | 2 |  2.1
Stealth        | |  2.1

Action                   |  1- 3 |  4- 6 |  7- 9 || total
-------------------------+-------+-------+-------++-------
Melee: Flail             |    89 |   196 |   127 ||   412
       Punch             |     1 |       |     2 ||     3
       Spear             |       |       |    65 ||    65
 Cast: Sandblast         |    13 |    17 |     3 ||    33
       Stone Arrow       |       |     7 |    26 ||    33
  Use: Potion            |       |     2 |     2 ||     4
 Stab: Sleeping          |     6 |     3 |     3 ||    12
Armor: Robe              |    28 |    62 |       ||    90
       Animal skin       |       |    63 |   131 ||   194
Dodge: Dodged            |    50 |   213 |   201 ||   464
